Map: Berlingrad LE

Players

MrZZ

  • Race: Protoss Protoss
  • League: Master
  • Spawn Location: 11:00

Warthog - Winner!

  • Race: Terran Terran
  • League: Master
  • Spawn Location: 5:00

VOD

Have the link to the VOD?

Description

Time

  • Played on: Jan. 11, 2022, 11:39 p.m.
  • Length: 6:45
Show
View Real Time Build Order
Export as new Build Order

MrZZ Protoss 

Build Orders: Colossus Rush 

Get SALT Encoding   

  13  0:10  Pylon  
  13  0:12  Probe  
  13  0:24  Probe  
  14  0:30  Gateway  
  14  0:36  Probe  
  14  0:40  Assimilator  
  15  0:48  Probe  
  16  1:00  Probe  
  16  1:03  Gateway  
  17  1:13  Probe  
  17  1:16  Cybernetics Core  
  18  1:25  Probe  
  19  1:27  Pylon  
  19  1:39  Probe  
  20  1:44  Warp Gate (Chrono Boost)  
  20  1:51  Probe, Assimilator  
  21  1:55  Adept x2  
  25  2:03  Probe  
  27  2:15  Probe  
  27  2:25  Stalker x2  
  31  2:48  Nexus  
  31  2:56  Pylon  
  31  3:03  Robotics Facility  
  31  3:14  Probe  
  32  3:26  Probe  
  33  3:29  Pylon  
  33  3:36  Stalker x2  
  33  3:38  Probe  
  38  3:51  Robotics Bay  
  38  3:52  Observer (Chrono Boost)  
  38  3:55  Probe  
  40  3:58  Pylon  
  40  4:06  Probe  
  40  4:08  Shield Battery  
  37  4:14  Probe (Chrono Boost)  
  37  4:16  Observer  
  39  4:21  Probe (Chrono Boost)  
  39  4:23  Stalker x2  
  46  4:32  Probe (Chrono Boost)  
  46  4:33  Probe (Chrono Boost), Assimilator  
  46  4:38  Probe (Chrono Boost)  
  47  4:39  Probe (Chrono Boost)  
  48  4:47  Colossus (Chrono Boost), Probe  
  48  4:52  Probe  
  56  4:59  Shield Battery, Probe  
  57  5:04  Probe  
  58  5:12  Pylon  
  59  5:14  Probe  
  59  5:15  Observer  
  59  5:20  Probe  
  60  5:25  Assimilator  
  60  5:26  Probe  
  60  5:27  Observer  
  61  5:31  Colossus (Chrono Boost)  
  61  5:32  Probe  
  68  5:38  Probe  
  69  5:44  Probe  
  69  5:47  Gateway x2  
  70  5:51  Probe  
  71  6:01  Sentry x2, Gateway  
  71  6:02  Gateway  
  75  6:10  Warp Prism (Chrono Boost)  
  77  6:27  Pylon  
  77  6:29  Pylon  
  77  6:31  Pylon  
  55  6:40  Stalker x2  
Show
View Real Time Build Order
Export as new Build Order

Warthog Terran - Winner!

Build Orders:  

Get SALT Encoding   

  12  0:04  SCV  
  13  0:16  SCV  
  13  0:18  Supply Depot  
  14  0:28  SCV  
  15  0:40  SCV  
  15  0:41  Barracks  
  16  0:45  Refinery  
  16  0:56  SCV  
  17  1:08  SCV  
  18  1:20  SCV  
  19  1:28  Marine  
  20  1:37  Orbital Command  
  20  1:44  Command Center  
  20  1:51  Barracks Reactor  
  20  2:00  Supply Depot  
  20  2:04  SCV  
  21  2:16  Barracks  
  21  2:20  Bunker  
  21  2:23  SCV  
  21  2:28  Marine x2  
  24  2:35  SCV  
  24  2:47  SCV  
  24  2:48  Marine x2  
  24  2:50  Barracks  
  27  2:56  Engineering Bay  
  27  3:00  Orbital Command  
  27  3:04  SCV  
  28  3:07  Barracks Tech Lab  
  28  3:10  Marine  
  29  3:13  Marine  
  29  3:19  SCV  
  31  3:25  Stimpack  
  31  3:28  Marine x2  
  31  3:31  Marine  
  34  3:35  Terran Infantry Weapons Level 1  
  34  3:36  SCV  
  34  3:38  Barracks Tech Lab  
  35  3:44  Orbital Command  
  35  3:46  Marine x2  
  37  3:49  Marine  
  37  3:51  SCV  
  39  4:03  SCV  
  39  4:09  Marine x2  
  40  4:13  Combat Shield, Marine  
  40  4:15  SCV  
  43  4:20  SCV, Missile Turret, Refinery  
  43  4:21  Refinery  
  44  4:25  Marine  
  44  4:27  SCV  
  46  4:39  Supply Depot  
  46  4:40  SCV x2, Marine  
  46  4:42  Supply Depot  
  51  4:47  Marine x3  
  51  4:52  SCV x2  
  54  4:57  Factory  
  54  5:04  SCV x2  
  56  5:10  Supply Depot  
  56  5:16  SCV  
  56  5:17  SCV  
  56  5:19  Marauder x2  
  62  5:21  Concussive Shells  
  62  5:27  Marine  
  63  5:29  SCV x2  
  65  5:40  Supply Depot, Marauder  
  65  5:41  SCV x2  
  68  5:47  Factory Reactor, Starport  
  68  5:49  Refinery  
  68  5:53  SCV  
  68  5:55  SCV  
  68  5:56  Marauder  
  72  6:02  Marauder  
  74  6:05  SCV  
  75  6:11  Marine  
  75  6:13  SCV  
  75  6:18  SCV, Marauder, Command Center  
Tags
 
Add a new tag
Caveats
  • Supply blocks, unpowered buildings, or Contaminate may cause inaccurate times.
  • Supply counts are checked every 10 seconds.